AoeStats
← [Marty]TheEY

Nomad

509051198Analyzed
4v4 RM · 8d ago on Sep 25, 2026· 61m 8s· 8 players
Game mode
Random Map
Map size
231×231
Population
200
Speed
Normal
Resources
Standard
Victory
Conquest
Starting age
Dark Age
Ending age
Imperial Age
RankedLock teamsTeams togetherTeam positionsShared explorationLock speedFull tech treeHidden civsTurbo modeCheats
Victory
Defeat
🇹🇼 Danes · Taiwan
1517
+13
🇹🇼 Celts · Taiwan
1491
+14
🇧🇷 Sicilians · Brazil
1446
+16
🇦🇷 Saxons · Argentina
1379
+19
🇭🇰 Persians · Hong Kong SAR China
1502
-18
🇨🇳 Franks · China
1461
-16
🇨🇳 Huns · China
1421
-14
🇨🇳 Portuguese · China
1419
-14
PoopMaster
8:29 Loom
42:02 Feudal Age
42:21 Fishing Lines
42:56 Double-Bit Axe
45:52 Castle Age
45:04 Wheelbarrow
44:23 Gold Mining
47:06 Bow Saw
47:35 Gold Shaft Mining
46:55 Gillnets
49:12 Hand Cart
54:04 Imperial Age
56:53 Forging
56:33 Cavalier
57:13 Husbandry
57:33 Bloodlines
57:36 Scale Barding Armor
58:10 Iron Casting
61:45 Blast Furnace
61:07 Chain Barding Armor
61:47 Caravan
DGHIR | Miloss
6:28 Loom
14:56 Feudal Age
15:43 Town Watch
18:16 Wheelbarrow
18:35 Fletching
27:58 Castle Age
26:23 Double-Bit Axe
28:57 Hand Cart
29:44 Crossbowman
38:40 Town Patrol
40:00 Bodkin Arrow
41:10 Treadmill Crane
41:41 Masonry
45:01 Clerical Recruitment
48:43 Squires
48:48 Guard Tower
48:54 Murder Holes
49:20 Ballistics
49:10 Masonry
51:53 Forging
52:47 Masonry
57:18 Redemption
60:33 Imperial Age
60:55 Bow Saw
61:51 Keep
61:02 Arrowslits
鬼洗
5:16 Loom
12:31 Feudal Age
18:48 Castle Age
17:53 Double-Bit Axe
17:59 Gold Mining
19:45 Medium Warships
21:37 Fishing Lines
22:50 Horse Collar
23:16 Pikeman
24:37 Stone Mining
37:14 Imperial Age
35:20 Wheelbarrow
37:34 Hand Cart
37:55 Gold Shaft Mining
37:31 Bow Saw
37:23 Heavy Plow
38:07 Furor Celtica
37:50 Heavy Scorpion
38:05 Capped Ram
41:01 Ballistics
40:06 Siege Ram
41:47 Onager
42:35 Siege Engineers
50:33 Gillnets
53:04 Caravan
53:35 Coinage
52:57 Siege Onager
53:49 Masonry
53:35 Murder Holes
54:41 Chemistry
53:51 Fortified Wall
53:28 Arrowslits
54:30 Town Watch
57:23 Halberdier
騷護士
4:36 Loom
13:05 Feudal Age
18:35 Castle Age
18:05 Gold Mining
18:08 Fletching
19:19 Wheelbarrow
45:21 Double-Bit Axe
50:01 Horse Collar
53:17 Imperial Age
51:14 Heavy Plow
51:33 Bow Saw
52:34 Scale Mail Armor
52:44 Forging
52:23 Arson
52:38 Squires
52:24 Gambesons
53:21 Onager
54:23 Conscription
55:07 Northmen's Fury
57:03 Siege Onager
58:34 Siege Engineers
59:02 Chain Mail Armor
59:20 Elite Jomsviking
61:36 Ballistics
62:19 Chemistry
[Marty]TheEY
8:24 Loom
11:27 Feudal Age
11:55 Double-Bit Axe
30:19 Castle Age
40:22 Medium Warships
44:58 Wheelbarrow
huangtmc
4:17 Loom
13:19 Feudal Age
18:21 Castle Age
16:49 Stone Mining
18:32 Man-at-Arms
20:28 Double-Bit Axe
27:57 Fishing Lines
50:18 Wheelbarrow
53:23 Horse Collar
55:49 Scale Barding Armor
55:55 Forging
56:04 Bloodlines
55:55 Husbandry
56:55 Chain Barding Armor
58:19 Forging
2067
4:12 Loom
14:47 Feudal Age
18:34 Castle Age
16:44 Gold Mining
16:44 Stone Mining
17:25 Double-Bit Axe
19:45 Fletching
24:59 Imperial Age
29:01 Town Watch
29:52 Wheelbarrow
32:37 Conscription
32:53 Elite Organ Gun
35:12 Chemistry
34:50 Treadmill Crane
35:36 Arquebus
37:58 Guilds
38:28 Bombard Tower
40:02 Coinage
39:36 Bodkin Arrow
39:57 Masonry
40:22 Fortified Wall
40:19 Bracer
40:17 Murder Holes
42:35 Banking
43:32 Bow Saw
45:50 Architecture
45:41 Ballistics
51:57 Siege Engineers
56:36 Scale Barding Armor
56:42 Forging
825889483
13:03 Loom
15:04 Feudal Age
16:15 Fletching
22:53 Castle Age
23:42 Scale Barding Armor
26:48 Man-at-Arms
31:45 Wheelbarrow
51:37 Town Watch
54:24 Imperial Age
52:45 Gold Mining
53:02 Husbandry
53:45 Chain Barding Armor
54:51 Cavalier
Connection lost

Rejoining the realm…

Still unreachable

The connection could not be restored.

Session expired

The server has moved on; the page needs a fresh start.